Map: [ESL] Berlingrad

Players

Clem

  • Race: Terran Terran

Reynor - Winner!

  • Race: Zerg Zerg

Event: IEM Katowice 2022

VOD

Have the link to the VOD?

Description

Time

  • Played on: Feb. 25, 2022, 12:29 p.m.
  • Length: 19:35

All games in this series

Show
View Real Time Build Order
Export as new Build Order

Clem Terran 

Build Orders: Reaper Expand 

Get SALT Encoding   

  12  0:00  SCV  
  13  0:12  SCV  
  14  0:16  Supply Depot  
  14  0:24  SCV  
  15  0:38  SCV  
  15  0:40  Barracks  
  15  0:42  Refinery  
  16  0:50  SCV  
  17  1:02  SCV  
  18  1:14  SCV  
  19  1:27  Reaper, Orbital Command  
  20  1:38  Command Center  
  20  1:46  Supply Depot  
  20  1:52  SCV  
  21  1:58  Marine  
  22  2:06  Factory  
  22  2:07  SCV  
  23  2:16  Marine  
  23  2:19  SCV  
  23  2:22  Refinery  
  25  2:31  SCV  
  26  2:39  Barracks Reactor  
  26  2:43  SCV  
  27  2:51  Orbital Command  
  27  2:52  Hellion  
  27  2:54  Starport  
  27  2:56  SCV  
  30  3:08  SCV  
  31  3:15  Supply Depot  
  31  3:17  SCV  
  32  3:20  SCV  
  32  3:24  Hellion  
  32  3:25  Hellion  
  38  3:29  Barracks Tech Lab  
  38  3:30  SCV  
  38  3:32  SCV, Viking  
  41  3:39  Supply Depot  
  41  3:42  SCV  
  41  3:44  SCV  
  41  3:46  Hellion  
  41  3:47  Hellion  
  47  3:49  Stimpack  
  47  3:54  SCV  
  48  3:56  SCV  
  48  4:02  Supply Depot  
  49  4:06  SCV  
  49  4:08  SCV  
  51  4:17  Command Center  
  51  4:18  SCV, Marine  
  51  4:20  SCV  
  51  4:21  Factory Reactor  
  51  4:23  Factory Tech Lab, Starport Reactor  
  54  4:29  Barracks x2  
  54  4:31  SCV  
  54  4:32  SCV  
  54  4:36  Marine  
  57  4:43  SCV  
  57  4:44  SCV  
  59  4:46  Engineering Bay x2  
  59  4:52  Supply Depot  
  59  4:54  Siege Tank  
  59  4:56  SCV  
  59  4:57  SCV  
  59  4:58  Refinery  
  64  5:00  Refinery  
  64  5:03  Marine  
  65  5:08  SCV, Starport Reactor  
  65  5:09  SCV  
  65  5:12  Terran Infantry Weapons Level 1  
  67  5:17  Marine x2  
  67  5:19  Terran Infantry Armor Level 1  
  67  5:20  SCV  
  67  5:21  SCV  
  71  5:22  Marine  
  71  5:23  Marine x2  
  71  5:28  Siege Tank  
  77  5:31  Orbital Command  
  77  5:32  SCV  
  77  5:34  SCV  
  77  5:35  Marine  
  80  5:38  Supply Depot  
  80  5:41  Marine  
  80  5:42  Marine x3  
  81  5:44  SCV  
  81  5:46  SCV  
  81  5:48  Medivac  
  81  5:49  Medivac  
  88  5:55  Armory  
  88  5:56  Marine  
  88  5:57  SCV, Orbital Command  
  89  5:59  SCV  
  89  6:02  Supply Depot  
  91  6:05  Supply Depot  
  91  6:06  Marine x3  
  91  6:07  Marine  
  91  6:09  Combat Shield  
  91  6:10  SCV  
  96  6:12  SCV  
  96  6:17  Siege Tank  
  100  6:19  Marine  
  100  6:24  SCV x3  
  104  6:29  Supply Depot, Marine x3  
  104  6:30  Marine  
  108  6:38  Medivac x2  
  112  6:41  SCV  
  113  6:48  SCV  
  113  6:49  Barracks x2  
  113  6:51  Marine  
  113  6:52  SCV  
  113  6:53  Siege Tank  
  119  6:56  Supply Depot  
  119  6:58  Supply Depot  
  119  7:03  Marine x2  
  119  7:04  SCV  
  119  7:08  SCV, Refinery, Factory  
  122  7:13  Medivac  
  125  7:15  Supply Depot  
  125  7:18  Supply Depot, Medivac  
  125  7:21  Marine  
  125  7:22  Marine  
  122  7:23  Marine  
  122  7:24  SCV x2  
  122  7:27  Terran Infantry Weapons Level 2  
  119  7:31  Marine x2  
  119  7:34  Supply Depot  
  121  7:39  Supply Depot, Marine  
  121  7:40  Supply Depot  
  121  7:41  Marine  
  121  7:42  Barracks Reactor, Marine  
  124  7:47  Siege Tank  
  127  7:51  Barracks Reactor  
  127  7:52  Marine  
  127  7:53  Marine  
  127  7:54  Terran Infantry Armor Level 2  
  127  7:56  Marine  
  130  8:01  Marine x2  
  130  8:04  Refinery  
  130  8:05  Factory Tech Lab  
  132  8:10  Command Center  
  132  8:13  Terran Vehicle Weapons Level 1, Marine  
  132  8:14  Marine  
  132  8:16  Marine  
  135  8:26  Marine  
  133  8:28  Siege Tank x2  
  133  8:29  Marine x3  
  133  8:31  Supply Depot, Marine x2  
  144  8:34  Marine  
  144  8:37  Marine x2  
  144  8:40  Supply Depot  
  147  8:43  Marine  
  147  8:47  Medivac, Sensor Tower  
  147  8:48  Medivac  
  152  8:51  Marine x2  
  152  8:53  Marine  
  152  8:54  Marine  
  155  8:56  Supply Depot  
  155  8:57  Marine  
  155  9:00  Missile Turret, Marauder  
  155  9:01  SCV  
  159  9:05  Siege Tank  
  159  9:09  Marine  
  163  9:12  Marine x2  
  163  9:13  Marine  
  163  9:15  Marine  
  170  9:17  Siege Tank  
  169  9:25  Barracks  
  168  9:31  Barracks  
  168  9:32  Barracks  
  168  9:33  Sensor Tower  
  168  9:34  Medivac  
  168  9:35  SCV, Medivac  
  168  9:37  SCV x2  
  171  9:41  Marauder  
  171  9:45  Siege Tank  
  176  9:47  Marine  
  176  9:48  SCV  
  176  9:50  Marine  
  179  9:53  Terran Infantry Weapons Level 3  
  179  9:56  Planetary Fortress  
  168  10:01  Marine  
  168  10:02  Marine  
  168  10:04  Medivac  
  168  10:08  Siege Tank  
  168  10:09  Marine  
  168  10:11  Marine x2  
  163  10:14  Marine x2, Marauder  
  163  10:16  Medivac  
  163  10:19  Refinery x2  
  163  10:20  SCV x2  
  163  10:21  SCV  
  169  10:23  Barracks Tech Lab  
  169  10:25  Barracks Tech Lab x2, Marine  
  169  10:29  Marine  
  169  10:31  Siege Tank  
  169  10:32  Marine  
  159  10:36  Marauder, Marine x3  
  159  10:37  SCV  
  159  10:42  Concussive Shells  
  165  10:44  Marauder  
  167  10:50  Terran Vehicle Weapons Level 2  
  167  10:54  Siege Tank  
  169  10:57  Marauder  
  169  11:00  Marine x2  
  169  11:04  Siege Tank  
  173  11:07  Marine  
  173  11:10  Terran Infantry Armor Level 3, Marine x3  
  173  11:11  Marine x2  
  171  11:13  Marine x2  
  171  11:15  Marauder  
  171  11:17  SCV  
  177  11:18  Command Center  
  177  11:21  Ghost Academy  
  177  11:24  Liberator  
  177  11:25  Marine, Medivac  
  182  11:26  Marine x2  
  182  11:28  Marauder  
  182  11:31  Marauder  
  184  11:33  Siege Tank  
  184  11:34  Marine x2, Marauder  
  184  11:39  Siege Tank  
  191  11:50  Missile Turret, Command Center  
  191  11:53  Ghost  
  193  11:59  Marine x2  
  195  12:02  Ghost  
  195  12:03  Ghost  
  199  12:12  Ghost  
  199  12:21  Siege Tank  
  199  12:22  Ghost  
  186  12:29  Marine  
  164  12:30  Marine x3, Orbital Command  
  164  12:31  Ghost, Marine  
  164  12:34  Marine  
  164  12:35  Marine x2  
  171  12:37  Factory Tech Lab  
  171  12:40  Marine  
  171  12:41  Marine  
  170  12:47  SCV, Marine x2, Command Center  
  170  12:51  Marine  
  173  12:52  Missile Turret  
  173  12:53  Missile Turret, Marine, Siege Tank  
  173  12:54  Sensor Tower  
  173  12:55  Ghost  
  173  12:57  Ghost  
  181  13:00  Marine x2  
  181  13:01  Marine  
  181  13:03  SCV  
  181  13:05  SCV  
  176  13:10  Orbital Command  
  176  13:11  SCV  
  171  13:14  Siege Tank  
  171  13:15  Ghost  
  176  13:21  SCV  
  176  13:23  Ghost  
  176  13:25  SCV, Marine  
  176  13:26  Siege Tank  
  182  13:31  Refinery x2  
  182  13:32  SCV  
  183  13:43  Missile Turret  
  183  13:46  Terran Vehicle Weapons Level 3, Siege Tank  
  186  13:50  Marauder x2  
  186  13:52  Marauder, Marine  
  193  14:01  Ghost  
  188  14:03  Orbital Command  
  188  14:08  Missile Turret  
  188  14:11  Ghost  
  188  14:12  Siege Tank  
  188  14:17  Missile Turret  
  188  14:18  SCV  
  188  14:19  SCV  
  188  14:23  Siege Tank  
  188  14:24  Missile Turret  
  193  14:28  Missile Turret, Ghost  
  195  14:44  Refinery, Planetary Fortress, Siege Tank  
  198  14:46  Refinery  
  198  14:48  Missile Turret  
  198  14:52  Missile Turret  
  198  15:00  Enhanced Shockwaves  
  198  15:01  Factory  
  198  15:11  Siege Tank  
  200  15:17  Command Center  
  200  15:19  Missile Turret x2  
  200  15:22  Neosteel Armor  
  200  15:28  Missile Turret x2  
  200  15:44  Ghost x2  
  200  15:45  Ghost  
  200  15:46  Ghost  
  171  15:50  Marine x2  
  171  15:53  Marine x2  
  171  15:55  Siege Tank  
  175  16:03  Siege Tank  
  178  16:07  Marine  
  178  16:08  Sensor Tower  
  173  16:12  Ghost  
  173  16:16  Sensor Tower  
  173  16:18  Missile Turret, Factory Tech Lab  
  172  16:19  Personal Cloaking, Missile Turret  
  172  16:20  Ghost  
  174  16:27  Siege Tank  
  177  16:33  Ghost  
  177  16:35  Siege Tank  
  177  16:38  Siege Tank  
  182  16:42  Missile Turret, Command Center  
  182  16:50  Orbital Command  
  178  16:57  Ghost  
  178  16:59  Siege Tank  
  149  17:05  Ghost  
  149  17:07  Siege Tank  
  138  17:10  SCV x2  
  138  17:11  Marauder x2  
  138  17:12  Marine  
  138  17:13  Marine  
  138  17:14  Marine  
  147  17:16  SCV x2  
  147  17:19  SCV  
  147  17:21  Siege Tank  
  153  17:22  Marine  
  153  17:23  SCV, Marine  
  153  17:27  Marauder  
  153  17:28  Missile Turret  
  158  17:30  Marine  
  158  17:31  Siege Tank  
  162  17:39  Siege Tank  
  165  17:49  SCV  
  165  17:50  SCV  
  167  17:53  Siege Tank  
  167  17:57  Marine, Command Center  
  171  18:02  Orbital Command  
  171  18:05  Siege Tank  
  161  18:06  SCV  
  161  18:07  SCV  
  161  18:09  SCV  
  161  18:10  SCV  
  161  18:12  Medivac  
  150  18:13  SCV  
  138  18:21  Ghost  
  138  18:23  SCV  
  134  18:27  Missile Turret  
  134  18:29  SCV  
  134  18:30  SCV  
  136  18:37  Orbital Command  
  136  18:43  Siege Tank  
  139  18:53  Siege Tank  
  142  18:59  Siege Tank  
  142  19:02  SCV x2  
  147  19:03  SCV  
  147  19:04  SCV  
  147  19:08  SCV  
  150  19:11  Missile Turret  
  150  19:14  Marine  
  150  19:16  Marine  
  150  19:17  Marine  
Show
View Real Time Build Order
Export as new Build Order

Reynor Zerg - Winner!

Build Orders: Pool First, Lurkers 

Get SALT Encoding   

  12  0:00  Drone  
  13  0:11  Overlord  
  13  0:17  Drone  
  14  0:30  Drone x2  
  14  0:34  Drone  
  17  0:43  Spawning Pool  
  17  0:47  Drone  
  17  1:06  Hatchery  
  17  1:10  Drone  
  17  1:12  Drone  
  18  1:22  Drone  
  18  1:24  Extractor  
  18  1:30  Queen, Zergling x2  
  21  1:37  Overlord  
  21  1:48  Drone  
  22  1:59  Drone  
  23  2:07  Queen  
  25  2:10  Drone  
  26  2:18  Queen  
  26  2:19  Drone  
  26  2:20  Drone  
  30  2:33  Drone  
  30  2:35  Hatchery  
  30  2:42  Drone, Metabolic Boost  
  32  2:44  Drone  
  32  2:49  Overlord  
  33  2:51  Drone  
  33  2:52  Drone  
  33  2:56  Drone  
  33  2:58  Drone  
  36  3:07  Overlord  
  36  3:08  Queen  
  36  3:12  Drone x2  
  40  3:17  Drone x2  
  40  3:18  Drone  
  43  3:20  Drone  
  44  3:27  Queen  
  44  3:29  Overlord  
  44  3:31  Drone  
  44  3:32  Zergling x2  
  48  3:39  Overlord  
  48  3:40  Drone x2  
  50  3:41  Drone  
  50  3:46  Queen  
  50  3:47  Drone  
  54  3:51  Queen  
  54  3:54  Zergling x2  
  54  3:55  Zergling x2  
  58  3:57  Drone  
  58  4:02  Overlord  
  59  4:04  Drone  
  59  4:08  Queen  
  59  4:09  Drone  
  63  4:12  Drone  
  63  4:14  Overlord  
  63  4:15  Drone  
  65  4:17  Drone x2  
  65  4:18  Drone  
  68  4:25  Overlord  
  68  4:26  Drone, Extractor  
  68  4:28  Baneling Nest  
  66  4:31  Lair  
  66  4:32  Drone  
  66  4:36  Queen  
  66  4:38  Zergling x4  
  71  4:40  Drone x2  
  71  4:42  Zergling x2  
  71  4:43  Drone  
  76  4:45  Drone  
  76  4:49  Spore Crawler  
  76  4:50  Spore Crawler, Drone  
  76  4:52  Drone  
  76  4:53  Spore Crawler  
  76  4:55  Overlord  
  76  4:59  Drone x3  
  78  5:00  Drone  
  78  5:02  Drone  
  78  5:04  Drone x2  
  82  5:08  Overlord  
  82  5:11  Drone  
  83  5:16  Zergling x6  
  83  5:20  Drone  
  83  5:21  Hatchery, Drone  
  88  5:23  Drone  
  88  5:25  Overlord  
  88  5:28  Drone  
  88  5:31  Overlord  
  89  5:36  Drone  
  89  5:37  Drone x3  
  89  5:39  Overlord  
  93  5:43  Centrifugal Hooks  
  93  5:45  Drone, Evolution Chamber  
  93  5:46  Evolution Chamber  
  93  5:47  Drone x2  
  93  5:48  Drone  
  95  5:50  Extractor  
  95  5:51  Drone x2, Extractor  
  95  5:56  Extractor  
  91  5:58  Overseer, Zergling x4  
  91  6:01  Drone  
  94  6:06  Overlord  
  94  6:07  Drone  
  94  6:11  Zergling x2, Extractor  
  94  6:15  Drone x4  
  94  6:18  Drone x2  
  100  6:20  Zerg Ground Armor Level 1, Zerg Melee Weapons Level 1  
  100  6:24  Zergling x10  
  105  6:26  Drone  
  105  6:30  Hydralisk Den  
  105  6:32  Zergling x2  
  106  6:34  Zergling x2  
  106  6:35  Zergling x2  
  106  6:38  Zergling x2  
  107  6:42  Baneling x4  
  107  6:43  Baneling x2, Queen x2  
  107  6:44  Zergling x12  
  107  6:45  Zergling x2  
  116  6:47  Drone  
  116  6:51  Zergling x6  
  116  6:52  Zergling x2  
  119  6:55  Baneling x5  
  119  6:56  Drone x2  
  119  6:57  Queen  
  119  7:00  Spore Crawler x2, Baneling  
  119  7:01  Baneling x4  
  121  7:02  Drone x2  
  121  7:03  Muscular Augments  
  121  7:07  Drone x2  
  125  7:10  Spore Crawler  
  125  7:11  Spore Crawler  
  125  7:13  Zergling x4  
  125  7:16  Baneling x8  
  125  7:18  Zergling x4  
  125  7:21  Zergling x4  
  125  7:22  Zergling x12  
  129  7:25  Zergling x4  
  129  7:28  Drone x2  
  127  7:35  Hydralisk x3  
  133  7:39  Hydralisk  
  133  7:40  Hydralisk  
  137  7:48  Overlord x3  
  135  8:01  Overlord  
  135  8:03  Overlord  
  135  8:07  Overlord  
  135  8:08  Drone x9, Extractor  
  135  8:09  Hydralisk, Extractor  
  135  8:11  Hydralisk  
  146  8:14  Grooved Spines  
  146  8:15  Hydralisk, Zerg Ground Armor Level 2  
  146  8:16  Zerg Melee Weapons Level 2  
  146  8:17  Zergling x2  
  146  8:18  Zergling x16  
  157  8:25  Hydralisk, Zergling x4  
  156  8:27  Hydralisk  
  158  8:34  Zergling x4  
  158  8:36  Hydralisk  
  158  8:37  Hydralisk  
  158  8:39  Infestation Pit  
  163  8:41  Spore Crawler  
  163  8:44  Hydralisk x3, Zergling x2  
  163  8:47  Hydralisk x3  
  175  8:48  Zergling x2  
  175  8:52  Hatchery  
  175  8:53  Hydralisk x2  
  175  8:54  Zergling x4  
  180  9:01  Hydralisk, Zergling x6  
  183  9:05  Baneling x14  
  183  9:06  Overlord  
  183  9:17  Overlord  
  183  9:22  Hive  
  180  9:24  Lurker Den  
  180  9:28  Zergling x24  
  187  9:39  Hydralisk  
  187  9:40  Zergling x8  
  187  9:42  Hydralisk  
  187  9:43  Zergling x10  
  200  9:49  Overlord  
  196  9:56  Drone x6  
  196  9:59  Zergling x4  
  188  10:01  Drone x2  
  188  10:04  Drone x2  
  181  10:07  Zergling x2  
  172  10:14  Zergling x14  
  172  10:16  Zergling x12  
  175  10:31  Hydralisk  
  175  10:32  Zergling x16  
  166  10:41  Seismic Spines  
  166  10:42  Viper x4  
  166  10:47  Zergling x26  
  166  10:49  Drone x2, Queen  
  193  11:02  Hatchery  
  186  11:05  Drone x5  
  186  11:08  Drone x2  
  186  11:10  Zerg Missile Weapons Level 1, Zerg Ground Armor Level 3  
  193  11:12  Extractor  
  193  11:15  Drone, Extractor  
  193  11:16  Drone x3  
  195  11:18  Burrow  
  195  11:26  Lurker x4  
  195  11:31  Drone x2  
  196  11:36  Lurker x5  
  196  11:38  Adaptive Talons  
  196  11:39  Spore Crawler  
  198  11:40  Spine Crawler  
  198  11:45  Baneling x13, Lurker x2  
  199  12:10  Drone  
  199  12:11  Drone  
  177  12:23  Hydralisk  
  177  12:24  Zergling x22  
  177  12:25  Zergling x16  
  177  12:28  Hydralisk  
  177  12:29  Zergling x34  
  193  12:31  Hydralisk  
  193  12:32  Zergling x2  
  193  12:37  Zergling x10  
  190  12:39  Hydralisk  
  190  12:40  Zergling x4  
  190  12:43  Baneling x10  
  194  12:47  Hydralisk, Zergling x6  
  194  12:55  Hydralisk  
  194  12:56  Zergling x10  
  199  13:02  Zergling x2  
  192  13:16  Drone x2  
  192  13:18  Drone x2  
  195  13:20  Hatchery  
  195  13:23  Zergling x30  
  195  13:30  Lurker x4  
  199  13:37  Adrenal Glands  
  199  13:44  Pneumatized Carapace  
  199  13:47  Drone x2  
  196  14:01  Zergling x2  
  196  14:02  Zergling x24  
  194  14:04  Hydralisk  
  194  14:05  Hydralisk x3, Zergling x2  
  194  14:06  Zergling x4  
  187  14:12  Zergling x4  
  187  14:13  Hydralisk  
  187  14:14  Zergling x2  
  183  14:19  Lurker x5  
  183  14:20  Hydralisk x2  
  192  14:27  Drone  
  192  14:28  Drone x3  
  192  14:31  Baneling x9  
  196  14:32  Lurker x4  
  196  14:36  Overseer  
  200  14:38  Nydus Network  
  200  14:40  Nydus Network, Hatchery  
  200  14:44  Baneling  
  200  14:45  Baneling x10  
  193  15:18  Drone  
  193  15:19  Drone  
  193  15:20  Lurker x3  
  198  15:21  Zerg Missile Weapons Level 2  
  198  15:22  Zerg Melee Weapons Level 3  
  198  15:32  Zergling x4  
  200  15:37  Nydus Canal  
  195  15:48  Zergling x4  
  195  15:49  Zergling x44  
  197  15:57  Nydus Canal x2  
  197  16:01  Zergling x4  
  197  16:02  Zergling x14  
  200  16:10  Hydralisk  
  200  16:11  Zergling x24  
  199  16:18  Baneling x17  
  199  16:25  Zergling x2  
  197  16:34  Baneling  
  197  16:35  Baneling x11  
  197  16:41  Overseer x2  
  191  16:56  Queen  
  191  16:57  Zergling x40  
  191  16:58  Zergling x4  
  191  16:59  Hydralisk  
  191  17:00  Zergling x12  
  196  17:05  Hydralisk  
  196  17:07  Hydralisk  
  185  17:14  Zergling x16  
  186  17:19  Drone  
  186  17:22  Baneling x20, Hydralisk  
  182  17:23  Zergling x12  
  182  17:24  Lurker  
  182  17:25  Lurker  
  192  17:34  Baneling x11  
  192  17:36  Zergling x14  
  199  17:38  Zergling x2  
  199  17:43  Baneling x9  
  199  17:53  Zergling x2  
  173  18:07  Zergling x44  
  173  18:08  Zergling x2  
  173  18:09  Hydralisk x2  
  173  18:10  Zergling x2  
  180  18:17  Hydralisk  
  180  18:18  Zergling x2  
  174  18:20  Hydralisk, Zergling x2  
  174  18:21  Zergling x14  
  176  18:31  Viper  
  176  18:32  Hydralisk  
  176  18:33  Zergling x10  
  176  18:34  Baneling x15  
  186  18:36  Extractor x2  
  186  18:38  Lurker x2  
  186  18:39  Lurker x3  
  186  18:40  Infestor x2  
  193  18:41  Overseer  
  193  18:49  Overlord  
  193  18:59  Hatchery  
  192  19:04  Zergling x2  
  193  19:15  Zergling x28  

Tags
 
Add a new tag
Caveats
  • Supply blocks, unpowered buildings, or Contaminate may cause inaccurate times.
  • Supply counts are checked every 10 seconds.